 Dungeon Crawl Stone Soup version 0.23-a0-33-g1e3a2e4e2f (webtiles) character file.

37177 Flugkiller the Grappler (level 13, -4/128 HPs)
             Began as a Troll Warper on Aug 5, 2018.
             Was a High Priest of Dithmenos.
             Slain by a catoblepas (55 damage)
             ... on level 6 of the Lair of Beasts.
             The game lasted 00:27:45 (13921 turns).

Flugkiller the Grappler (Troll Warper)             Turns: 13921, Time: 00:27:45

Health: -4/128     AC: 11    Str: 23    XL:     13   Next: 57%
Magic:  13/13      EV: 13    Int: 14    God:    Dithmenos [*****.]
Gold:   931        SH:  0    Dex: 10    Spells: 14/14 levels left

rFire    . . .     SeeInvis .     - Unarmed
rCold    . . .     Gourm    +   A - +0 shield
rNeg     . . .     Faith    .   o - +0 troll leather armour
rPois    +         Spirit   .   F - +2 hat {Int+3}
rElec    .         Reflect  .   E - +0 cloak
rCorr    .         Harm     .   (gloves unavailable)
MR       +....                  (boots unavailable)
Stlth    +.........             (no amulet)
HPRegen  1.11/turn              l - ring of poison resistance
MPRegen  0.13/turn              t - ring of protection from magic

@: sleeping, wreathed by umbra
A: large, unfitting armour, claws 3, fast metabolism 3, gourmand, regeneration
1, shaggy fur 1, tough skin 2
a: Shadow Step, Shadow Form, Renounce Religion


You were on level 6 of the Lair of Beasts.
You worshipped Dithmenos.
Dithmenos was extremely pleased with you.
You were full.

You visited 3 branches of the dungeon, and saw 15 of its levels.
You also visited: Labyrinth.

You collected 931 gold pieces.

Inventory:

Missiles
 d - 8 tomahawks of dispersal (quivered)
 x - 15 tomahawks
 I - a throwing net
 L - 17 javelins
 R - 8 javelins of returning
Armour
 o - a +0 troll leather armour (worn)
 A - a +0 shield (worn)
 E - a +0 cloak (worn)
 F - a +2 hat of intelligence (worn)
 Q - +0 fire dragon scales
Jewellery
 l - a ring of poison resistance (left claw)
 t - a ring of protection from magic (right claw)
 D - an uncursed ring of protection from fire
 N - an uncursed amulet of faith
 S - an uncursed ring of magical power {unknown}
 T - a cursed amulet of inaccuracy {unknown}
Wands
 h - a wand of iceblast (16)
 J - a wand of disintegration (8)
 M - a wand of polymorph (15)
 O - a wand of flame (41)
Scrolls
 a - a scroll of magic mapping
 b - 3 scrolls of amnesia
 c - a scroll of blinking
 e - 6 scrolls of remove curse
 i - a scroll of holy word {unknown}
 q - 6 scrolls of teleportation
 r - 2 scrolls of fog
 y - 2 scrolls of immolation
 B - a scroll of summoning {unknown}
 G - 2 scrolls of enchant armour {unknown}
 P - a scroll of identify
Potions
 g - 2 potions of resistance
 j - 4 potions of curing
 k - 4 potions of might
 m - a potion of cancellation
 n - 4 potions of lignification
 p - 5 potions of heal wounds
 s - 3 potions of mutation
 u - 3 potions of brilliance
 v - a potion of ambrosia
 w - a potion of invisibility
 z - 2 potions of flight
 C - a potion of magic {unknown}
 H - a potion of berserk rage
 K - a potion of agility {unknown}
Comestibles
 f - 36 rations


   Skills:
 - Level 8.3 Fighting
 - Level 0.8 Throwing
 + Level 6.7 Armour
 - Level 8.3 Dodging
 - Level 9.0 Shields
 + Level 14.0 Unarmed Combat
 - Level 1.2 Spellcasting
   Level 2.1 Translocations


You had 14 spell levels left.
You didn't know any spells.
Your spell library contained the following spells:

 Spells                   Type           Power        Failure   Level  Hunger
 Conjure Flame            Conj/Fire      #.......     65%         3    ####...
 Teleport Other           Tloc           #.......     34%         3    ####...
 Blink                    Tloc           N/A          17%         2    ###....
 Dragon Form              Tmut           #.........   100%        7    #######
 Flame Tongue             Conj/Fire      #....        28%         1    ##.....
 Passwall                 Tmut/Erth      #.......     41%         2    ###....
 Passage of Golubria      Tloc           N/A          75%         4    #####..
 Shroud of Golubria       Chrm/Tloc      #.........   28%         2    ###....
 Hydra Form               Tmut           #.........   100%        6    #######
 Gell's Gravitas          Tloc           #.........   34%         3    ####...
 Lesser Beckoning         Tloc           #.........   34%         3    ####...


Dungeon Overview and Level Annotations

Branches:
Dungeon (8/15)             Temple (1/1) D:4            Lair (6/6) D:8
 Shoals (0/4) Lair:3        Snake (0/4) Lair:2        Slime (0/5) Lair:5

Altars:
Ashenzari
Cheibriados
Dithmenos
Elyvilon
Fedhas
Hepliaklqana
Kikubaaqudgha
Makhleb
Nemelex Xobeh
Okawaru
Qazlal
Ru
Sif Muna
Trog
Vehumet
Wu Jian
Xom
Yredelemnul
Zin
The Shining One
Jiyva

Shops:
D:5 (

Annotations:
D:4 Grinder
D:8 2 runed doors, Mirvelgyr's ghost, novice DDFi
Lair:6 Urug


Innate Abilities, Weirdness & Mutations

You are too large for most types of armour.
You have claws for hands.
Your metabolism is lightning-fast.
You like to eat raw meat.
Your natural rate of healing is unusually fast.
You are covered in fur. (AC +1)
You have very tough skin. (AC +2)


Message History

The dream sheep ruffle their wool and motes of dream dust sparkle, to no effect.
The dream sheep are wreathed in dream dust.
You feel drowsy...
You fall asleep.
A yak comes into view.
You hear a bellow!
Urug throws a javelin.
The javelin hits you!
You wake up.
The dream sheep closely misses you.
A catoblepas comes into view.
A spiny frog comes into view.
Urug throws a javelin.
The javelin hits you!
You see here a javelin.
The catoblepas breathes a plume of calcifying dust at you.
The blast of calcifying dust hits you!
The dream sheep shake their wool and sparkle.
You feel drowsy...
You fall asleep.
The crocodile bites the fungus!
Found a stone staircase leading up.
The dream sheep bites the fungus.
The crocodile bites the fungus!
The catoblepas gores you!!!
You die...

....#≈.≈....#
..P...≈.....## .#
...P..≈≈o.(..## .#
....≈≈≈≈≈≈≈..P# ..#
...≈≈≈≈≈≈≈≈≈Y.# .P
...≈≈≈≈≈≈≈≈≈tY##.##
..≈≈≈≈≈≈≈≈≈≈FP#.<.##
...≈≈≈≈<.≈≈≈YY#..P.##P
...≈≈≈≈.≈≈≈≈§Y@.......
...≈≈≈≈≈≈≈≈≈≈.##P..##.
...≈≈≈≈≈≈≈≈≈.P# ....#
....≈≈≈≈≈≈≈≈...P ....
##....≈....≈#PP. ...
#P...P.≈..###### ..
..P...#...# # #.


You could see a catoblepas, Urug, a yak, a spiny frog, a crocodile and 3 dream
sheep.

Vanquished Creatures
  Gastronok (D:8)
  A minotaur (Lab)
  An ettin (Lair:4)
  Harold (D:7)
  A catoblepas (Lair:2)
  Erica (D:8)
  A two-headed ogre (D:8)
  4 hydras
  Sonja (Lair:1)
  4 elephants (Lair:3)
  3 merfolk sirens (Lair:3)
  A centaur zombie (D:7)
  Joseph (D:7)
  Psyche (D:8)
  9 black mambas
  8 spiny frogs
  5 komodo dragons
  A queen bee (Lair:3)
  A merfolk (Lair:3)
  A troll (D:8)
  3 hippogriffs
  A dream sheep (Lair:6)
  18 blink frogs
  38 yaks
  2 wyverns
  A basilisk (Lair:4)
  Grum (D:8)
  Menkaure (D:7)
  A hungry ghost (D:8)
  2 soldier ants (D:8)
  2 nagas (Lair:2)
  10 porcupines
  6 water moccasins
  2 sky beasts
  5 ogres
  5 orc warriors
  2 phantoms
  14 wolves
  2 centaurs
  4 crocodiles
  Blork the orc (D:6)
  9 bullfrogs
  A big kobold (D:8)
  4 scorpions
  25 killer bees (Lair:3)
  5 wights
  3 crimson imps
  A hound (D:5)
  3 jellies
  2 bullfrog skeletons
  Jessica (D:2)
  4 iguanas
  7 orc wizards
  6 worker ants
  A hound skeleton (D:4)
  A worker ant zombie (D:6)
  A howler monkey zombie (D:3)
  16 adders
  4 gnolls (D:4)
  A shadow imp (D:8)
  An ooze (D:4)
  An adder skeleton (D:5)
  A worm (D:8)
  3 dart slugs
  5 leopard geckos
  37 orcs
  9 giant cockroaches
  10 goblins
  7 hobgoblins
  2 jackals (D:1)
  4 quokkas
  2 ball pythons (D:1)
  A ball python skeleton (D:5)
  13 bats
  8 frilled lizards
  A jackal skeleton (D:7)
  9 kobolds
  9 rats
386 creatures vanquished.

Vanquished Creatures (others)
  11 fungi
  3 plants
14 creatures vanquished.

Grand Total: 400 creatures vanquished

Notes
Turn   | Place    | Note
-------+----------+-------------------------------------------
     0 | D:1      | Flugkiller the Troll Warper began the quest for the Orb.
     0 | D:1      | Reached XP level 1. HP: 19/19 MP: 1/1
    68 | D:1      | Reached XP level 2. HP: 27/27 MP: 2/2
   275 | D:1      | Reached skill level 3 in Unarmed Combat
   462 | D:1      | Reached XP level 3. HP: 32/33 MP: 3/3
   751 | D:2      | Noticed Jessica
   769 | D:2      | Killed Jessica
   769 | D:2      | Reached skill level 4 in Unarmed Combat
   816 | D:2      | Reached XP level 4. HP: 41/41 MP: 4/4
   837 | D:2      | Found a blossoming altar of Fedhas.
   837 | D:2      | Found an ancient bone altar of Kikubaaqudgha.
  1070 | D:2      | Reached skill level 5 in Unarmed Combat
  1381 | D:3      | Reached XP level 5. HP: 46/48 MP: 5/5
  1979 | D:3      | Reached skill level 6 in Unarmed Combat
  2288 | D:4      | Reached XP level 6. HP: 33/55 MP: 6/6
  2388 | D:4      | Reached skill level 7 in Unarmed Combat
  2389 | D:4      | Found a staircase to the Ecumenical Temple.
  2416 | Temple   | Entered the Ecumenical Temple
  2431 | Temple   | Became a worshipper of Dithmenos the Shadowed
  2479 | D:4      | Noticed Grinder
  2723 | D:4      | Reached XP level 7. HP: 46/65 MP: 7/7
  2799 | D:4      | Found a radiant altar of Vehumet.
  2934 | D:4      | Reached * piety under Dithmenos
  2998 | D:4      | Reached skill level 8 in Unarmed Combat
  3021 | D:5      | Entered Level 5 of the Dungeon
  3026 | D:5      | Found Juigipux's Weapon Emporium.
  3097 | D:5      | Reached XP level 8. HP: 61/75 MP: 8/8
  3193 | D:5      | Found an ornate altar of the Wu Jian Council.
  3461 | D:5      | You fall through a shaft for 2 floors!
  3866 | D:5      | Reached ** piety under Dithmenos
  3922 | D:5      | Found a glowing silver altar of Zin.
  4149 | D:5      | Reached skill level 9 in Unarmed Combat
  4344 | D:6      | Noticed Blork the orc
  4444 | D:6      | Killed Blork the orc
  4444 | D:6      | Reached XP level 9. HP: 70/85 MP: 9/9
  4769 | D:6      | Reached skill level 1 in Shields
  4819 | D:6      | Reached skill level 5 in Dodging
  5016 | D:6      | Reached skill level 5 in Fighting
  5180 | D:7      | Noticed Joseph
  5195 | D:7      | Killed Joseph
  5275 | D:7      | Reached *** piety under Dithmenos
  5342 | D:7      | Found a deep blue altar of Sif Muna.
  5474 | D:7      | Noticed Menkaure
  5474 | D:7      | Noticed Harold
  5483 | D:7      | Killed Menkaure
  5483 | D:7      | Reached skill level 10 in Unarmed Combat
  5487 | D:7      | Killed Harold
  5487 | D:7      | Reached XP level 10. HP: 19/98 MP: 10/10
  5960 | D:8      | Noticed Grum
  5980 | D:8      | Killed Grum
  6106 | D:8      | Found an iron altar of Okawaru.
  6107 | D:8      | Found a bloodstained altar of Trog.
  6197 | D:8      | Noticed Gastronok
  6344 | D:8      | Killed Gastronok
  6383 | D:8      | Noticed a two-headed ogre
  6398 | D:8      | Killed a two-headed ogre
  6507 | D:8      | Noticed Psyche
  6522 | D:8      | Killed Psyche
  6528 | D:8      | Found a stormy altar of Qazlal.
  6559 | D:8      | Reached skill level 5 in Shields
  6559 | D:8      | Reached skill level 11 in Unarmed Combat
  6565 | D:8      | Found a large runed door.
  6571 | D:8      | Found a large runed door.
  6573 | D:8      | Noticed Mirvelgyr's ghost (novice DDFi)
  6604 | D:8      | Noticed Erica
  6616 | D:8      | Killed Erica
  6616 | D:8      | Reached XP level 11. HP: 109/109 MP: 11/11
  6938 | D:8      | Found a staircase to the Lair.
  7137 | Lair:1   | Entered Level 1 of the Lair of Beasts
  7223 | Lair:1   | Found a labyrinth entrance.
  7237 | Lab      | Entered a labyrinth
  8735 | Lab      | Found an exit through the horrors of the Abyss.
  8803 | Lab      | Noticed a minotaur
  8817 | Lab      | Killed a minotaur
  8841 | Lab      | Identified Moaproo's Incunabulum of Transmigration and Ignition
  8843 | Lab      | Got a translucent hand crossbow
  8936 | Lair:1   | Identified the +7 hand crossbow "Gimpeicw" {venom, rElec rF+} (You found it in a labyrinth)
  9088 | Lair:1   | Noticed Sonja
  9114 | Lair:1   | Killed Sonja
  9142 | Lair:1   | Noticed an eight-headed hydra
  9150 | Lair:1   | Killed a ten-headed hydra
  9678 | Lair:1   | Reached **** piety under Dithmenos
  9900 | Lair:2   | Noticed a catoblepas
  9919 | Lair:2   | Killed a catoblepas
  9919 | Lair:2   | Reached skill level 12 in Unarmed Combat
  9919 | Lair:2   | Reached XP level 12. HP: 99/122 MP: 12/12
 10065 | Lair:2   | Reached skill level 1 in Armour
 10138 | Lair:2   | Found a staircase to the Snake Pit.
 10304 | Lair:2   | Noticed a six-headed hydra
 10310 | Lair:2   | Killed a seven-headed hydra
 10827 | Lair:3   | Found a staircase to the Shoals.
 11167 | Lair:3   | Reached ***** piety under Dithmenos
 11520 | Lair:3   | Reached skill level 13 in Unarmed Combat
 12118 | Lair:4   | Noticed a four-headed hydra
 12122 | Lair:4   | Noticed an ettin
 12122 | Lair:4   | a four-headed hydra changed into an ettin
 12129 | Lair:4   | Killed an ettin
 12308 | Lair:4   | Reached XP level 13. HP: 122/128 MP: 13/13
 12374 | Lair:4   | Reached skill level 5 in Armour
 13389 | Lair:5   | Found a viscous altar of Jiyva.
 13389 | Lair:5   | Found a staircase to the Slime Pits.
 13895 | Lair:6   | Entered Level 6 of the Lair of Beasts
 13906 | Lair:6   | Reached skill level 14 in Unarmed Combat
 13911 | Lair:6   | Noticed Urug
 13921 | Lair:6   | Slain by a catoblepas

Vault maps used:
D:1:      shiori_arrival_maze
D:2:      lemuel_crystal_altar, first_ration, fedhas_altar_1, uniq_jessica
D:4:      minmay_diamond_boxcup, overflow_temple_1_default,
          minmay_temple_entry_statues, uniq_grinder
D:5:      lemuel_coloured_pillars_altar, marbit_many_paths, serial_shops,
          nicolae_shop_stone, sigmund_army
D:6:      sword_in_stone
D:7:      tgw_sif, dk_vineyard_1, uniq_menkaure, uniq_harold, uniq_joseph
D:8:      kennysheep_mini_moat, grunt_temple_overflow_bloody_war,
          lair_entry_dummy, ebering_ghost_disaster_area,
          hangedman_pestilent_swarm, uniq_psyche, uniq_grum, uniq_gastronok,
          uniq_erica
Temple:   nicolae_temple_no_exploring_needed
Lair:1:   lab_entry_generic, grunt_megastairs_4, uniq_sonja
Lair:2:   guppyfry_snake_entry_garden, cheibrodos_lair_reptile_den
Lair:3:   elwin_shoals_entry_stream, special_room, lemuel_fruit_tree
Lair:5:   slime_altar_1
Lair:6:   minmay_lair_end_enchanted_forest, nicolae_lair_grove_arrangements,
          fungi_pond_lemuel, infiniplex_staircase_pool_2, serial_bayou_shore_b,
          uniq_urug
Lab:      labyrinth_mini_lab, labyrinth_fake_exit

Skill      XL: |  1  2  3  4  5  6  7  8  9 10 11 12 13 |
---------------+----------------------------------------+-----
Unarmed Combat | 3 4 5 6 7 8 9 10 11 12 13 14 | 14.0
Dodging        | 2 3 4 5 7 8 |  8.3
Fighting       | 2 3 4 5 7 8 |  8.3
Shields        | 3 5 6 8 9 |  9.0
Armour         | 4 6 |  6.7
Throwing       | |  0.8
Spellcasting   | |  1.2
Translocations | |  2.1

Action                   |  1- 3 |  4- 6 |  7- 9 | 10-12 | 13-15 || total
-------------------------+-------+-------+-------+-------+-------++-------
Melee: Unarmed           |   112 |   176 |   366 |   624 |   233 ||  1511
       Punch             |     2 |     1 |    13 |       |       ||    16
Evoke: Wand              |       |       |       |    16 |     4 ||    20
  Use: Scroll            |       |     9 |     1 |    19 |       ||    29
       Potion            |       |       |       |     1 |       ||     1
 Stab: Sleeping          |       |     1 |     4 |     3 |       ||     8
       Invisible         |       |       |       |     1 |       ||     1
  Eat: Chunk             |    10 |    13 |    33 |    48 |    16 ||   120
       Ration            |       |       |       |     4 |       ||     4
Armor: Robe              |    53 |    73 |    60 |    10 |       ||   196
       Troll leather arm |       |       |       |   122 |    38 ||   160
Dodge: Dodged            |    60 |    76 |   167 |   278 |    96 ||   677
Block: Shield            |       |       |    46 |   275 |    97 ||   418

Table legend:
 A = Spawn XP
 B = Non-spawn XP
 C = Spawn XP percentage of total XP
 D = Spawn monster count
 E = Non-spawn monster count
 F = Spawn count percentage of total count
 G = Total turns spent on level
                    A         B        C        D         E        F      G
               +---------+---------+-------+---------+---------+-------+---------
         Total |       0 |   53110 |   0.0 |       0 |     386 |   0.0 | 13921
               +---------+---------+-------+---------+---------+-------+---------
           D:1 |       0 |      57 |   0.0 |       0 |      34 |   0.0 |   754
           D:2 |       0 |     134 |   0.0 |       0 |      22 |   0.0 |   618
           D:3 |       0 |     145 |   0.0 |       0 |      24 |   0.0 |  1030
           D:4 |       0 |     869 |   0.0 |       0 |      26 |   0.0 |   594
           D:5 |       0 |    1258 |   0.0 |       0 |      36 |   0.0 |  1242
           D:6 |       0 |     931 |   0.0 |       0 |      26 |   0.0 |   799
           D:7 |       0 |    2333 |   0.0 |       0 |      26 |   0.0 |   802
           D:8 |       0 |    6415 |   0.0 |       0 |      26 |   0.0 |  1273
        Lair:1 |       0 |    7504 |   0.0 |       0 |      27 |   0.0 |   970
        Lair:2 |       0 |    7268 |   0.0 |       0 |      24 |   0.0 |   995
        Lair:3 |       0 |    7946 |   0.0 |       0 |      50 |   0.0 |  1287
        Lair:4 |       0 |    7707 |   0.0 |       0 |      32 |   0.0 |   978
        Lair:5 |       0 |    8141 |   0.0 |       0 |      30 |   0.0 |   857
        Lair:6 |       0 |    1218 |   0.0 |       0 |       2 |   0.0 |    26
           Lab |       0 |    1184 |   0.0 |       0 |       1 |   0.0 |  1671
               +---------+---------+-------+---------+---------+-------+---------
